 Dungeon Crawl Stone Soup version 0.18-a0-1677-g2bdad6c (webtiles) character file.

60788 Thanatophobia the Severer (level 14, -3/106 HPs)
             Began as a Demonspawn Wanderer on Apr 2, 2016.
             Was the Champion of Okawaru.
             Slain by feelmyfire's ghost (16 damage)
             ... on level 1 of the Orcish Mines.
             The game lasted 01:00:18 (18347 turns).

Thanatophobia the Severer (Demonspawn Wanderer)    Turns: 18347, Time: 01:00:19

Health: -3/106     AC: 32    Str: 19    XL:     14   Next: 58%
Magic:  14/14      EV:  8    Int: 14    God:    Okawaru [******]
Gold:   892        SH:  0    Dex: 16    Spells: 0 memorised, 13 levels left

rFire  . . .     SeeInvis .     t - +5 hand axe (drain)
rCold  + + +     Gourm    .     z - +3 crystal plate armour
rNeg   . . .     Faith    +     (no shield)
rPois  +         Spirit   .     (helmet unavailable)
rElec  .         Dismiss  .     W - +2 cloak
rCorr  +         Reflect  .     Y - +1 pair of gloves
SustAt .         Harm     .     C - +2 pair of boots {run}
MR     +....                    V - amulet of faith
Stlth  ..........               e - ring of poison resistance
                                i - +2 ring of slaying

@: agile, magic armour, quick, somewhat resistant to hostile enchantments,
extremely unstealthy
A: horns 3, talons 1, yellow scales 3, cold resistance 3, deformed body, powered
by death 2, no device heal 1
a: Heroism, Finesse, Renounce Religion


You were on level 1 of the Orcish Mines.
You worshipped Okawaru.
Okawaru was exalted by your worship.
You were hungry.

You visited 4 branches of the dungeon, and saw 21 of its levels.
You also visited: Sewer.

You collected 1239 gold pieces.

Inventory:

Hand Weapons
 b - a +0 battleaxe
 t - a +5 hand axe of draining (weapon)
Armour
 z - a +3 crystal plate armour (worn)
 C - a +2 pair of boots of running (worn)
 W - a +2 cloak (worn)
 Y - a +1 pair of gloves (worn)
Rods
 J - a +2 rod of inaccuracy (9/9)
   (You found it on level 3 of the Lair of Beasts)
Jewellery
 e - a ring of poison resistance (right hand)
 i - a +2 ring of slaying (left hand)
 l - an uncursed ring of magical power
 u - an uncursed ring of protection from cold
 D - an uncursed ring of protection from fire
 L - an uncursed ring of sustain attributes
 R - an uncursed ring of ice
 V - an amulet of faith (around neck)
Wands
 d - a wand of paralysis (20/24)
 n - a wand of lightning (0/15)
 v - a wand of disintegration (6/24)
 w - a wand of lightning (4/15)
 x - a wand of flame (11/48)
 H - a wand of iceblast (8/15)
 U - a wand of slowing (0/48)
 Z - a wand of hasting (4/9)
Scrolls
 h - 4 scrolls of teleportation
 m - 12 scrolls of identify
 o - 5 scrolls of fear
 q - 3 scrolls of amnesia
 y - 9 scrolls of remove curse
 A - 2 scrolls of fog
 B - 4 scrolls of enchant weapon
 M - 2 scrolls of recharging
 Q - a scroll of blinking
 X - a scroll of magic mapping
Potions
 c - 7 potions of lignification
 j - 4 potions of heal wounds
 p - a potion of resistance
 E - 3 potions of flight
 I - 3 potions of brilliance
 O - a potion of curing
Books
 s - a book of the Dragon

   Spells                             Type                      Level
   a - Flame Tongue                   Conjuration/Fire             1
   b - Cause Fear                     Hexes                        4
   c - Bolt of Fire                   Conjuration/Fire             6
   d - Dragon Form                    Transmutation                7
   e - Dragon's Call                  Summoning                    9
 F - a book of Air

   Spells                             Type                      Level
   a - Shock                          Conjuration/Air              1
   b - Swiftness                      Charms/Air                   2
   c - Repel Missiles                 Charms/Air                   2
   d - Static Discharge               Conjuration/Air              3
   e - Lightning Bolt                 Conjuration/Air              5
Miscellaneous
 r - a legendary deck of changes {drawn: 2}
Comestibles
 a - 11 royal jellies
 f - 11 bread rations
 g - 16 fruits
 K - 11 meat rations
 N - a slice of pizza
 P - 8 beef jerkies


   Skills:
 - Level 8.5 Fighting
 + Level 19.3 Axes
   Level 1.0 Staves
 - Level 1.0 Throwing
 - Level 9.5 Armour
 - Level 2.6 Stealth
   Level 1.0 Shields


You had 13 spell levels left.
You didn't know any spells.

Dungeon Overview and Level Annotations

Branches:
Dungeon (11/15)            Temple (1/1) D:4            Lair (8/8) D:9
  Swamp (0/4) Lair:6        Snake (0/4) Lair:6        Slime (0/6) Lair:6
    Orc (1/2) D:11

Altars:
Ashenzari
Cheibriados
Dithmenos
Elyvilon
Fedhas
Gozag
Kikubaaqudgha
Makhleb
Nemelex Xobeh
Okawaru
Pakellas
Qazlal
Ru
Sif Muna
Trog
Vehumet
Xom
Yredelemnul
Zin
The Shining One
Beogh

Shops:
D:5 !   D:8 (   D:10 %

Annotations:
D:11 exclusion: orange crystal statue
Orc:1 feelmyfire's ghost, journeyman MiFi
Abyss:1 Rupert


Innate Abilities, Weirdness & Mutations

You have a pair of large horns on your head.
You are completely covered in yellow scales (AC +4, rCorr).
Your flesh is almost immune to the effects of cold.
You regenerate health from kills.
You have sharp toenails.
Armour fits poorly on your strangely shaped body.
Potions and wands are less effective at restoring your health.


Message History

You feel sick.
* * * LOW HITPOINT WARNING * * *
You feel sick.
Drink which item? (? for menu, Esc to quit)
You feel better. Feelmyfire's ghost barely misses you.
Evoke which item? (* to show all) (? for menu, Esc to quit)
You draw a card...
It is the Helm.
The deck of cards glows with a rainbow of weird colours and disappears.
You feel agile all of a sudden.
You gain magical protection.
Feelmyfire's ghost hits you!
* * * LOW HITPOINT WARNING * * *
You are poisoned.
Drink which item? (? for menu, Esc to quit)
You feel better. Feelmyfire's ghost hits you.
* * * LOW HITPOINT WARNING * * *
Evoke which item? (* to show all) (? for menu, Esc to quit)
You draw a card...
It is the Mercenary.
Pay Coulan's fee of 175 gold?
Coulan joins your ranks! Feelmyfire's ghost hits you!
You die...

###......##.###....
##..$...............
#...................
#...................
#####.....##........#.##
#..#)...####........####
##)))..N.$###.......####
#.###.)#).....#.>.........)#
#......).$.W@..#.....##...)).
##.................###.......
#.#...###.##.....### ##......
...... ####.....# ##.....
#..... ##....# ##..#. #..$.
...... ##... ..... .......
###. .##.... ##


You could see feelmyfire's ghost and the friendly Coulan the naga.

Vanquished Creatures
  Gastronok (Lair:2)
  Nessos (Lair:8)
  A dire elephant (Lair:8)
  The ghost of Kidiri the Thaumaturge, a journeyman DEFE of Vehumet (Lair:2)
  4 hydras
  A catoblepas (Lair:8)
  Erica (Lair:2)
  A deep troll shaman (Lair:8)
  18 death yaks (Lair:8)
  A lindwurm (Lair:7)
  3 orc knights (D:10)
  A griffon (Lair:3)
  An ugly thing (D:11)
  6 black mambas
  12 elephants
  Psyche (D:8)
  A torpor snail (Lair:3)
  6 komodo dragons
  12 spiny frogs
  3 rime drakes
  A queen bee (Lair:1)
  2 polar bears
  Grinder (D:5)
  A merfolk (D:9)
  2 trolls
  2 two-headed ogres
  A boulder beetle (Lair:7)
  10 blink frogs
  2 slime creatures (Lair:6)
  A spriggan (Lair:2)
  29 yaks
  A basilisk (Lair:7)
  2 wyverns
  7 hippogriffs
  4 wargs
  4 swamp worms (Lair:6)
  2 nagas (Lair:6)
  14 water moccasins
  3 black bears
  15 porcupines
  4 sky beasts
  12 orc warriors
  2 ice beasts
  A phantom (D:3)
  15 wolves
  5 ogres
  10 crocodiles
  4 big kobolds
  29 giant frogs
  A water moccasin skeleton (D:6)
  25 killer bees
  11 wights
  An electric eel (Lair:6)
  2 howler monkeys
  5 crimson imps
  3 giant frog zombies
  5 jellies
  7 hounds
  10 orc priests
  Crazy Yiuf (D:6)
  2 giant frog skeletons (D:9)
  2 gnoll shamans (D:7)
  14 orc wizards
  5 iguanas
  10 worker ants
  22 sheep
  A hound zombie (D:7)
  A hound skeleton (D:5)
  3 worker ant zombies
  14 gnolls
  14 adders
  49 river rats
  3 shadow imps
  An ooze (D:7)
  2 adder skeletons
  5 worms
  A dart slug (D:3)
  9 giant geckos
  57 orcs
  5 ball pythons
  10 bats
  5 giant cockroaches
  6 goblins
  11 hobgoblins
  4 jackals
  7 quokkas
  A giant gecko zombie (D:7)
  A jackal skeleton (D:8)
  24 kobolds
  A quokka skeleton (D:6)
  9 rats
  A bush (Lair:8)
  9 fungi
  A plant (Lair:7)
643 creatures vanquished.

Vanquished Creatures (collateral kills)
  Sigmund (D:5)
  A centaur (D:6)
  3 orc priests
  3 orc wizards
  A gnoll (D:6)
9 creatures vanquished.

Vanquished Creatures (others)
  A death yak (Lair:8)
  A hippogriff (D:2)
  A naga (Lair:8)
  A river rat (Lair:7)
  35 fungi
  15 plants
54 creatures vanquished.

Grand Total: 706 creatures vanquished

Notes
Turn   | Place    | Note
--------------------------------------------------------------
     0 | D:1      | Thanatophobia the Demonspawn Wanderer began the quest for the Orb.
     0 | D:1      | Thanatophobia set off with: a +2 quarterstaff, a +0 spear, a potion of lignification, a +0 robe, a +0 dagger, a bread ration
     0 | D:1      | Reached XP level 1. HP: 19/19 MP: 1/1
   450 | D:1      | Gained mutation: You regenerate a little health from kills. [demonic ancestry]
   450 | D:1      | Reached XP level 2. HP: 26/26 MP: 2/2
   966 | D:2      | Reached skill level 5 in Fighting
   966 | D:2      | Gained mutation: You are partially covered in yellow scales (AC +2). [demonic ancestry]
   966 | D:2      | Reached XP level 3. HP: 33/33 MP: 3/3
   970 | D:2      | Found an oddly glowing altar of Pakellas.
   970 | D:2      | Noticed an orange crystal statue
   971 | D:2      | Noticed a hippogriff
   990 | D:2      | Killed a hippogriff
  1543 | D:2      | Reached XP level 4. HP: 38/39 MP: 4/4
  1592 | D:3      | Reached skill level 1 in Axes
  1596 | D:3      | Reached skill level 2 in Axes
  1596 | D:3      | Gained mutation: You have a pair of small horns on your head. [demonic ancestry]
  1596 | D:3      | Reached XP level 5. HP: 45/45 MP: 5/5
  1723 | D:3      | Found a stormy altar of Qazlal.
  1825 | D:3      | Reached skill level 3 in Axes
  1923 | D:3      | Found a radiant altar of Vehumet.
  2007 | D:3      | Found a deep blue altar of Sif Muna.
  2007 | D:3      | Found a glowing golden altar of the Shining One.
  2042 | D:3      | Found a sparkling altar of Nemelex Xobeh.
  2209 | D:3      | Noticed a phantom
  2229 | D:3      | Killed a phantom
  2229 | D:3      | Reached skill level 4 in Axes
  2229 | D:3      | Gained mutation: You are mostly covered in yellow scales (AC +3). [demonic ancestry]
  2229 | D:3      | Reached XP level 6. HP: 48/51 MP: 6/6
  2297 | D:4      | Found a staircase to the Ecumenical Temple.
  2303 | Temple   | Entered the Ecumenical Temple
  2346 | Temple   | Became a worshipper of Warmaster Okawaru
  2563 | D:4      | Found a glowing drain.
  2585 | Sewer    | Entered a sewer
  2731 | Sewer    | Reached skill level 5 in Axes
  2744 | Sewer    | Found a white marble altar of Elyvilon.
  3050 | D:4      | Gained mutation: You have a pair of horns on your head. [demonic ancestry]
  3050 | D:4      | Reached XP level 7. HP: 56/56 MP: 7/7
  3647 | D:5      | Entered Level 5 of the Dungeon
  3656 | D:5      | Found a shadowy altar of Dithmenos.
  3662 | D:5      | Noticed Grinder
  3677 | D:5      | Paralysed by Grinder for 7 turns
  3686 | D:5      | Killed Grinder
  3686 | D:5      | Reached skill level 6 in Axes
  3700 | D:5      | Found a bloodstained altar of Trog.
  3795 | D:5      | Found a shattered altar of Ashenzari.
  3916 | D:5      | Found Rut Icha's Distillery.
  3930 | D:5      | Reached * piety under Okawaru
  3930 | D:5      | Reached skill level 7 in Axes
  3975 | D:5      | Found a shadowy altar of Dithmenos.
  3995 | D:5      | Found an opulent altar of Gozag.
  4037 | D:5      | Noticed Sigmund
  4049 | D:5      | Killed Sigmund
  4049 | D:5      | Reached XP level 8. HP: 47/63 MP: 8/8
  4479 | D:6      | Found a glowing golden altar of the Shining One.
  4651 | D:6      | Reached skill level 8 in Axes
  4651 | D:6      | Reached skill level 1 in Armour
  4659 | D:6      | Found an ancient bone altar of Kikubaaqudgha.
  4788 | D:6      | Reached ** piety under Okawaru
  4833 | D:6      | Found a shattered altar of Ashenzari.
  5261 | D:6      | Noticed Crazy Yiuf
  5278 | D:6      | Killed Crazy Yiuf
  5407 | D:7      | Reached skill level 9 in Axes
  5444 | D:7      | Gained mutation: Your flesh is cold resistant. [demonic ancestry]
  5444 | D:7      | Reached XP level 9. HP: 65/68 MP: 9/9
  5502 | D:7      | Reached *** piety under Okawaru
  5592 | D:7      | Reached skill level 5 in Armour
  6157 | D:8      | Found a sacrificial altar of Ru.
  6187 | D:8      | Gained mutation: Your flesh is very cold resistant. [potion of mutation]
  6187 | D:8      | Gained mutation: Your flesh is almost immune to the effects of cold. [potion of mutation]
  6187 | D:8      | Gained mutation: Potions and wands are less effective at restoring your health. [potion of mutation]
  6304 | D:8      | Reached **** piety under Okawaru
  6304 | D:8      | Reached skill level 10 in Axes
  6373 | D:8      | Found a shadowy altar of Dithmenos.
  6392 | D:8      | Received a gift from Okawaru
  6435 | D:8      | Found Vennamn's Weapon Boutique.
  6658 | D:8      | Noticed Psyche
  6666 | D:8      | Killed Psyche
  6686 | D:8      | Gained mutation: You are completely covered in yellow scales (AC +4, rCorr). [demonic ancestry]
  6686 | D:8      | Reached XP level 10. HP: 45/75 MP: 10/10
  6742 | D:9      | Reached ***** piety under Okawaru
  6858 | D:9      | Found a burning altar of Makhleb.
  7280 | D:9      | Found a staircase to the Lair.
  7428 | D:9      | Reached skill level 11 in Axes
  7594 | D:10     | Entered Level 10 of the Dungeon
  7675 | D:10     | Found Bigruh's Food Emporium.
  8134 | D:10     | Found a runed door.
  8157 | D:10     | Noticed an orc knight
  8158 | D:10     | Noticed an orc knight
  8158 | D:10     | Noticed an orc knight
  8225 | D:10     | Killed an orc knight
  8244 | D:10     | Killed an orc knight
  8285 | D:10     | Killed an orc knight
  8285 | D:10     | Received a gift from Okawaru
  8533 | D:10     | Found a roughly hewn altar of Beogh.
  8841 | Lair:1   | Entered Level 1 of the Lair of Beasts
  8847 | Lair:1   | Noticed a spiny frog
  8862 | Lair:1   | Killed a spiny frog
  8862 | Lair:1   | Reached XP level 11. HP: 70/80 MP: 8/11
  8928 | Lair:1   | Reached skill level 12 in Axes
  9586 | Lair:1   | Received a gift from Okawaru
  9793 | Lair:2   | Noticed Erica
  9801 | Lair:2   | Killed Erica
  9801 | Lair:2   | Reached ****** piety under Okawaru
 10103 | Lair:2   | Noticed Gastronok
 10174 | Lair:2   | Killed Gastronok
 10174 | Lair:2   | Received a gift from Okawaru
 10174 | Lair:2   | Reached skill level 13 in Axes
 10180 | Lair:2   | Got a fine longbow {god gift}
 10181 | Lair:2   | Identified the +8 longbow "Killer Bee's Bane" {velocity, rElec Str+3} (Okawaru gifted it to you on level 2 of the Lair of Beasts)
 10257 | Lair:2   | Noticed a five-headed hydra
 10273 | Lair:2   | Killed a five-headed hydra
 10484 | Lair:2   | Noticed a five-headed hydra
 10490 | Lair:2   | Killed a five-headed hydra
 10490 | Lair:2   | Reached XP level 12. HP: 94/94 MP: 12/12
 10648 | Lair:2   | Noticed Kidiri's ghost (journeyman DEFE)
 10685 | Lair:2   | Killed Kidiri's ghost
 10774 | Lair:3   | Identified the Tome of Orientation
 10854 | Lair:3   | Reached skill level 14 in Axes
 10879 | Lair:3   | Received a gift from Okawaru
 10931 | Lair:3   | Noticed an eight-headed hydra
 10937 | Lair:3   | Killed an eight-headed hydra
 11087 | Lair:3   | Reached skill level 15 in Axes
 11747 | Lair:4   | Noticed Rupert
 11748 | Lair:4   | Identified a +2 rod of inaccuracy (9/9) (You found it on level 3 of the Lair of Beasts)
 11975 | Lair:4   | Identified a scroll of acquirement
 11976 | Lair:4   | Got a jewelled quick blade
 11977 | Lair:4   | Identified the +12 quick blade of Ointment {flame, +Inv rC+ MR- SInv} (You acquired it on level 4 of the Lair of Beasts)
 12125 | Lair:4   | Banished Rupert
 12405 | Lair:5   | Received a gift from Okawaru
 12508 | Lair:5   | Gained mutation: You regenerate health from kills. [demonic ancestry]
 12508 | Lair:5   | Reached XP level 13. HP: 98/99 MP: 13/13
 13008 | Lair:5   | Reached skill level 16 in Axes
 13403 | Lair:6   | Found a staircase to the Slime Pits.
 13523 | Lair:6   | Found a staircase to the Snake Pit.
 13991 | Lair:6   | Found a staircase to the Swamp.
 14266 | Lair:7   | Found an iron altar of Okawaru.
 14489 | Lair:7   | Received a gift from Okawaru
 14508 | Lair:7   | Identified a +1 pair of boots of running (Okawaru gifted it to you on level 7 of the Lair of Beasts)
 14541 | Lair:7   | Reached skill level 17 in Axes
 15063 | Lair:8   | Entered Level 8 of the Lair of Beasts
 15346 | Lair:8   | Noticed Nessos
 16032 | Lair:8   | Killed Nessos
 16043 | Lair:8   | Received a gift from Okawaru
 16043 | Lair:8   | Reached skill level 18 in Axes
 16074 | Lair:8   | Gained mutation: You have sharp toenails. [potion of mutation]
 16074 | Lair:8   | Gained mutation: Armour fits poorly on your strangely shaped body. [potion of mutation]
 16161 | Lair:8   | Gained mutation: You have a pair of large horns on your head. [demonic ancestry]
 16161 | Lair:8   | Reached XP level 14. HP: 77/106 MP: 11/14
 16304 | Lair:8   | Hired Kasch the naga for 172 gold.
 16308 | Lair:8   | Your ally Kasch died
 16913 | Lair:8   | Received a gift from Okawaru
 16913 | Lair:8   | Reached skill level 19 in Axes
 17628 | D:11     | Found a staircase to the Orcish Mines.
 18131 | Orc:1    | Entered Level 1 of the Orcish Mines
 18256 | Orc:1    | Noticed feelmyfire's ghost (journeyman MiFi)
 18347 | Orc:1    | Hired Coulan the naga for 175 gold.
 18347 | Orc:1    | Slain by feelmyfire's ghost

Vault maps used:
D:1:      minmay_arrival_five_plusses
D:2:      first_bread, gammafunk_pakellas_statue_experiment
D:3:      nemelex_deck, lemuel_coloured_pillars_altar,
          gammafunk_temple_overflow_wave, nicolae_overflow_crystal_walls,
          due_unseen_surprise
D:4:      minmay_temple_entry_butterflies, gup_sewer_entry_pipe,
          minmay_misc_feat_square
D:5:      grunt_dithmenos_smoke_and_mirrors, bloody_trog, grunt_gozag_statues,
          basic_altar, serial_shops, kennysheep_mini_moat,
          evilmike_ruin_ashenzari, uniq_sigmund, uniq_grinder
D:6:      kiku_gazebo_pond_becter, lemuel_crystal_altar, tso_metal_star,
          uniq_crazy_yiuf_cottage
D:7:      kennysheep_generic_room_14
D:8:      nicolae_ru_awakened_eye, serial_shops, shop, basic_altar,
          dk_noncrumbling_4, uniq_psyche
D:9:      marbit_many_paths, due_lair_maze_entry_diamond, hangedman_fish_farm
D:10:     serial_shops, shop, hex_large, lightli_church_of_beogh
D:11:     david_orc_1_choice, minivault_16
Temple:   cyrus_temple_forest_13
Lair:1:   special_room, beast_lair_carwin_6, lemuel_fruit_tree
Lair:2:   grunt_forest_large_clearing_hut, uniq_erica, uniq_gastronok
Lair:3:   serial_bayou_pond_e
Lair:4:   uniq_rupert
Lair:6:   nicolae_swamp_entry_splash_gauntlet, guppyfry_snake_entry_garden,
          minmay_slime_entry_pillars
Lair:7:   basic_altar
Lair:8:   grunt_lair_end_beastmaster, infiniplex_staircase_pool_2, uniq_nessos
Orc:1:    basic_altar
Sewer:    sewer_kobolds

Skill      XL: |  1  2  3  4  5  6  7  8  9 10 11 12 13 14 |
---------------+-------------------------------------------+-----
Fighting       | 5 8 |  8.5
Axes           | 2 4 5 7 9 10 11 13 15 18 19 | 19.3
Armour         | 4 7 9 |  9.5
Staves         | |  1.0
Throwing       | |  1.0
Stealth        | |  2.6
Shields        | |  1.0

Action                   |  1- 3 |  4- 6 |  7- 9 | 10-12 | 13-15 || total
-------------------------+-------+-------+-------+-------+-------++-------
Melee: Quarterstaff      |    73 |       |       |       |       ||    73
       Hand axe          |       |   221 |   467 |   759 |   922 ||  2369
 Fire: Blowgun           |       |    14 |       |       |       ||    14
Invok: Heroism           |       |       |       |     8 |     7 ||    15
       Finesse           |       |       |       |       |     1 ||     1
Evoke: Deck              |       |       |     5 |     7 |     7 ||    19
       Wand              |       |       |     4 |    19 |    23 ||    46
  Use: Scroll            |       |     7 |     6 |    12 |    13 ||    38
       Potion            |       |       |    13 |     5 |     9 ||    27
 Stab: Sleeping          |     3 |       |       |       |       ||     3
       Petrified         |       |       |       |       |     5 ||     5
       Petrifying        |       |       |       |       |     2 ||     2
  Eat: Chunk             |     1 |     6 |    10 |    16 |     8 ||    41
       Bread ration      |       |       |     1 |     1 |     2 ||     4
       Fruit             |       |       |       |       |     2 ||     2
